 Dungeon Crawl Stone Soup version bcrawl-1.39.1 (console) character file.

Game seed: 8876330690672315741

200450 Burana the Sneak (level 6, -3/34 HPs)
             Began as a Vine Stalker Archaeologist on Sept 21, 2023.
             Slain by a meliai zombie (4 damage)
             ... on level 4 of the Dungeon.
             The game lasted 00:11:52 (2940 turns).

Burana the Sneak (Vine Stalker Archaeologist)       Turns: 2940, Time: 00:11:52

Health: -3/34      AC:  6    Str:  9 (12) XL:     6   Next: 78%
Magic:  7/7        EV: 14    Int: 13 (14) God:
Gold:   98         SH:  0    Dex: 15 (16) Spells: 5/5 levels left

rFire    . . .     GDR:     27% a - +5 flail (drain)
rCold    . . .     SeeInvis .   (no shield)
rNeg     . . .     Gourm    .   c - +2 robe
rPois    .         Faith    .   d - +1 hat
rElec    .         Spirit   .   (no cloak)
rCorr    .         Reflect  .   (no gloves)
MR       .....                  i - +1 pair of boots
Stlth    +++.......             (no amulet)
HPRegen  0.55/turn              (no ring)
MPRegen  0.10/turn              (no ring)

@: lethally poisoned (-3 -> -4), very slightly contaminated, hasted, very quick
A: fangs 3, agile 1, deformed body, frail 1, regeneration 1, weak 1, no potion
heal 3, rot immunity, strong jaws
a: no special abilities


You were on level 4 of the Dungeon.
You were not hungry.

You visited 1 branch of the dungeon, and saw 4 of its levels.

You collected 98 gold pieces.

Inventory:

Hand Weapons
 a - a +5 flail of draining (weapon)
 b - a +0 blowgun
 t - a +0 falchion
 u - a +0 whip
Missiles
 f - a curare-tipped needle
 j - 850 stones (quivered)
 m - 48 poisoned needles
 v - 43 needles of confusion
 C - a throwing net {=f}
Armour
 c - a +2 robe (worn)
 d - a +1 hat (worn)
 i - a +1 pair of boots (worn)
Jewellery
 k - an uncursed ring of wizardry {unknown}
 q - an uncursed ring of protection from fire {unknown}
 s - an uncursed amulet of rage {unknown}
 y - a +3 ring of intelligence {unknown}
Scrolls
 g - a scroll of revelation
 h - a scroll of acquirement
Potions
 l - 2 potions of haste
 p - a potion of curing {unknown}
 w - a potion of heal wounds {unknown}
 z - a potion of berserk rage {unknown}
Comestibles
 e - 3 rations {!d}
 r - 7 chunks of flesh


   Skills:
 - Level 4.0 Fighting
 - Level 0.9 Long Blades
 + Level 3.7 Maces & Flails
 - Level 4.0 Dodging
 - Level 5.0 Stealth


You had 5 spell levels left.
You didn't know any spells.
Your spell library was empty.

Dungeon Overview and Level Annotations

Branches:
Dungeon (4/12)
 Temple: D:4-7

Altars:
Cheibriados
Gozag
Makhleb
Sif Muna

Annotations:
D:3 1 runed translucent door, Finalfun's ghost, amateur FrAE


Innate Abilities, Weirdness & Mutations

You have razor-sharp teeth.
Your natural rate of healing is unusually fast.
Potions cannot restore your health.
You are immune to rotting.
Your bites deal extra damage.
You are agile. (Dex +2)
Armour fits poorly on your strangely shaped body.
You are frail. (-10% HP)
You are weak. (Str -2)


Message History

It was a scroll of blinking.
You feel sick.
It was a potion of haste.
You feel yourself speed up.
It was a potion of degeneration.
There was something very wrong with that liquid.
You feel weakened.
You feel dopey.
You feel clumsy.
You feel sick.
Quiver which item? (- for none, * to show all) (? for menu, Esc to quit)
Okay, then.
It was a potion of mutation.
You feel extremely strange.
You feel frail.
You feel weaker.
Your body twists and deforms.
You feel agile.
As you read the scroll labeled NERGHE BAOK, it crumbles to dust.
You feel blessed for a moment.
It was a scroll of remove curse.
The meliai zombie hits you but does no damage.
The meliai zombie closely misses you.
As you read the scroll labeled ZEOBOF OTINAS, it crumbles to dust.
It is a scroll of enchant armour.
Your +1 robe glows green for a moment.
The meliai zombie hits you.
* * * LOW HITPOINT WARNING * * *
The meliai zombie hits you.
You die...

You could see a meliai zombie.

Vanquished Creatures
  Eustachio (D:4)
  A hound (D:4)
  Ijyb (D:4)
  2 worker ants
  Terence (D:2)
  5 adders
  3 worms
  4 leopard geckos
  3 orcs (D:3)
  A ball python (D:2)
  2 giant cockroaches
  4 goblins
  11 hobgoblins
  4 jackals (D:1)
  5 quokkas
  6 bats
  3 frilled lizards
  6 kobolds
  5 rats
68 creatures vanquished.

Notes
Turn   | Place    | Note
-------+----------+-------------------------------------------
     0 | D:1      | Burana the Vine Stalker Archaeologist began the quest for
                  | the Orb.
     0 | D:1      | Reached XP level 1. HP: 11/11 MP: 2/2
   140 | D:1      | Reached skill level 1 in Fighting
   140 | D:1      | Reached skill level 1 in Maces & Flails
   173 | D:1      | Reached XP level 2. HP: 14/16 MP: 3/3
   633 | D:1      | Reached XP level 3. HP: 20/20 MP: 4/4
   638 | D:1      | Reached skill level 5 in Stealth
  1278 | D:2      | Noticed Terence
  1297 | D:2      | Killed Terence
  1298 | D:2      | Reached XP level 4. HP: 17/27 MP: 5/5
  1506 | D:2      | Found an opulent altar of Gozag.
  1599 | D:2      | Found a burning altar of Makhleb.
  1684 | D:2      | Found a faded altar of an unknown god.
  1996 | D:3      | Found a snail-covered altar of Cheibriados.
  2121 | D:3      | Reached XP level 5. HP: 32/32 MP: 6/6
  2121 | D:3      | Identified a scroll of acquirement
  2367 | D:3      | Found a shimmering blue altar of Sif Muna.
  2577 | D:3      | Found a runed translucent door.
  2668 | D:3      | Noticed Finalfun's ghost (amateur FrAE)
  2770 | D:4      | Noticed Eustachio
  2893 | D:4      | Killed Eustachio
  2894 | D:4      | Gained mutation: You have razor-sharp teeth. [Vine Stalker
                  | growth]
  2894 | D:4      | Reached XP level 6. HP: 37/38 MP: 7/7
  2923 | D:4      | Noticed Ijyb
  2934 | D:4      | Killed Ijyb
  2935 | D:4      | HP: 1/38 [poisoned by Ijyb]
  2938 | D:4      | Gained mutation: You are frail. (-10% HP) [potion of
                  | mutation]
  2938 | D:4      | Gained mutation: You are weak. (Str -2) [potion of
                  | mutation]
  2938 | D:4      | Gained mutation: Armour fits poorly on your strangely
                  | shaped body. [potion of mutation]
  2938 | D:4      | Gained mutation: You are agile. (Dex +2) [potion of
                  | mutation]
  2940 | D:4      | HP: 1/34 [meliai zombie (1)]
  2940 | D:4      | Slain by a meliai zombie

Skill      XL: |  1  2  3  4  5 |
---------------+----------------+-----
Fighting       | 1 2 3 4 |  4.0
Maces & Flails | 1 3 |  3.7
Stealth        | 5 |  5.0
Dodging        | 4 |  4.0
Long Blades    | |  0.9

Action                   |  1- 3 |  4- 6 || total
-------------------------+-------+-------++-------
Melee: Whip              |    92 |       ||    92
       Bite              |     7 |     5 ||    12
       Falchion          |    13 |       ||    13
       Flail             |       |    85 ||    85
 Fire: Blowgun           |    18 |    12 ||    30
Throw: Stone             |     5 |     2 ||     7
  Use: Scroll            |       |     3 ||     3
       Potion            |       |     3 ||     3
 Stab: Sleeping          |    10 |    10 ||    20
       Distracted        |       |     1 ||     1
  Eat: Chunk             |     4 |     9 ||    13
Armor: Robe              |    39 |    41 ||    80
Dodge: Dodged            |    83 |   101 ||   184
